 Dungeon Crawl Stone Soup version 0.29-a0-847-g24c0ca63c9 (webtiles) character file.

Game seed: 2242035809953830377

538 Malachi the Chopper (level 7, -3/57 HPs)
             Began as a Ghoul Fighter on July 16, 2022.
             Slain by Duvessa
             ... wielding a +0 short sword
              (9 damage)
             ... on level 4 of the Dungeon.
             The game lasted 00:05:31 (3764 turns).

Malachi the Chopper (Ghoul Fighter)                 Turns: 3764, Time: 00:05:31

Health: -3/57      AC: 13    Str: 22      XL:     7   Next: 26%
Magic:  6/6        EV:  5    Int:  3      God:
Gold:   1082       SH:  4    Dex:  7 (8)  Spells: 6/6 levels left

rFire   . . .      SeeInvis .   t - +0 hand axe (elec)
rCold   + . .      Faith    .   c - +0 buckler
rNeg    + + +      Spirit   .   g - +0 plate armour
rPois   ∞          Reflect  .   p - +0 helmet
rElec   .          Harm     .   (no cloak)
rCorr   .          Rampage  .   v - +0 pair of gloves
Will    +....                   (no boots)
Stlth   ..........              (no amulet)
HPRegen 0.00/turn               k - ring of willpower
MPRegen 0.10/turn               (no ring)

@: brilliant, attractive, inhibited regen
A: claws 1, cold resistance 1, negative energy resistance 3, inhibited
regeneration, torment resistance 2, devour on kill
a: no special abilities


You were on level 4 of the Dungeon.
You visited 1 branch of the dungeon, and saw 4 of its levels.

You collected 1082 gold pieces.

Inventory:

Hand Weapons
 a - a +0 war axe
 t - a +0 hand axe of electrocution (weapon)
Armour
 c - a +0 buckler (worn)
 g - a +0 plate armour (worn)
 p - a +0 helmet (worn)
 v - a +0 pair of gloves (worn)
Jewellery
 k - a ring of willpower (left hand)
Wands
 f - a wand of light (6)
Scrolls
 b - a scroll of enchant armour
 j - a scroll of amnesia
 m - a scroll of teleportation
 n - a scroll of enchant weapon
 s - a scroll of brand weapon {unknown}
Potions
 d - a potion of ambrosia {unknown}
 h - a potion of brilliance
 i - 2 potions of curing
 o - a potion of degeneration {unknown}
 q - a potion of lignification {unknown}
 r - a potion of mutation {unknown}


   Skills:
 - Level 3.5 Fighting
 + Level 6.8 Axes
 - Level 2.8 Armour
 - Level 2.8 Shields


You had 6 spell levels left.
You didn't know any spells.
Your spell library was empty.

Dungeon Overview and Level Annotations

Branches:
Dungeon (4/15)
 Temple: D:4-7

Altars:
Yredelemnul

Shops:
D:2 :

Annotations:
D:4 Dowan, Duvessa, Eustachio


Innate Abilities, Weirdness & Mutations

You are immune to poison.
You have sharp fingernails.
Your flesh is cold resistant. (rC+)
You are immune to negative energy. (rN+++)
You do not regenerate when monsters are visible.
You are immune to unholy pain and torment.
You thrive by killing the living.


Message History

Unknown command.
You barely miss Eustachio.
Eustachio is almost dead.
You hit the rat.
You kill the rat!
The rat's corpse disappears in a puff of smoke!
You completely miss Dowan. You hit Duvessa. You hit the quokka.
The ufetubus closely misses your hobgoblin.
The ufetubus hits your hobgoblin.
Your endoplasm barely misses Duvessa.
Your hobgoblin closely misses the ufetubus.
The shadow imp puffs mist at you.
Your adder barely misses Dowan.
Dowan hits you but does no damage.
Eustachio casts a spell.
Duvessa hits you with a +0 short sword.
* * * LOW HITPOINT WARNING * * *
The quokka bites you but does no damage.
Unknown command.
It was a potion of brilliance.
You feel clever all of a sudden.
The bat hits you but does no damage. x2; Your adder closely misses Dowan.
You block the bat's attack. The bat hits your hobgoblin.
Your hobgoblin hits the shadow imp but does no damage.
Your endoplasm closely misses Duvessa.
The quokka bites you.
* * * LOW HITPOINT WARNING * * *
Eustachio hits you but does no damage. Dowan hits you with a +0 dagger.
* * * LOW HITPOINT WARNING * * *
Duvessa closely misses you.
Your adder completely misses Dowan.
The bat hits you but does no damage. x2
It was a potion of attraction.
You feel attractive to monsters. The bat hits you but does no damage.
The bat barely misses you. The bat hits your hobgoblin.
Your hobgoblin dies!
Your hobgoblin's corpse dissolves into shadows!
Your endoplasm hits Duvessa.
The quokka twitches its whiskers.
The quokka barely misses you. Dowan hits you but does no damage.
Eustachio casts a spell.
Eustachio blinks!
Duvessa hits you with a +0 short sword!
You die...

# ### ##.###.# #.#...
..# #.#####) #.#.##.#.#
#.##.... #......#.#
#.##.##. #...@<...#
#.......
#...#r##.###.#...#.
#b55#.##........##.
#rb§..##.###.##.[..
#####b@##.##.###.##.#..
#(....ee5....#.........
#.###.S.J.####.........
......##.# #....).#..
#..#+#.##†# #.....##..
#. #.##.# #.....###. #
#.##.# ####### #.
#....# #. ## ### #.


You could see Eustachio, Duvessa (resistant, ally target), Dowan (ally target),
an iron imp (summoned), a shadow imp (summoned), an ufetubus (summoned), a
quokka (summoned), 3 bats, a friendly adder (summoned) and a friendly endoplasm
(summoned).

Vanquished Creatures
  Sigmund (D:2)
  A water moccasin (D:3)
  A hound (D:3)
  Natasha (thrice) (D:2)
  An orc wizard (D:3)
  Robin (D:4)
  2 adders (D:3)
  2 worms
  A dart slug (D:2)
  6 orcs (D:3)
  10 ball pythons
  6 endoplasms
  3 giant cockroaches
  18 goblins
  10 hobgoblins
  7 jackals
  6 quokkas
  5 bats
  8 frilled lizards
  2 kobolds
  6 rats
100 creatures vanquished.

Vanquished Creatures (others)
  A goblin (D:4)
1 creature vanquished.

Grand Total: 101 creatures vanquished

Notes
Turn   | Place    | Note
-------+----------+-------------------------------------------
     0 | D:1      | Malachi the Ghoul Fighter began the quest for the Orb.
     0 | D:1      | Reached XP level 1. HP: 19/19 MP: 0/0
     0 | D:1      | Noticed a tentacled monstrosity
     1 | D:1      | Noticed a large abomination
     3 | D:1      | Noticed an iron dragon
     3 | D:1      | Noticed an ice dragon
     5 | D:1      | Noticed a tentacled monstrosity
    12 | D:1      | Noticed a tentacled monstrosity
    14 | D:1      | Noticed an ice dragon
    14 | D:1      | Noticed a shadow dragon
    14 | D:1      | Noticed an orb of fire
    16 | D:1      | Noticed a tentacled monstrosity
    16 | D:1      | Noticed an iron dragon
    20 | D:1      | Noticed a tentacled monstrosity
    46 | D:1      | Reached XP level 2. HP: 25/26 MP: 1/1
    51 | D:1      | Reached skill level 2 in Axes
   372 | D:1      | Reached XP level 3. HP: 24/31 MP: 2/2
  1303 | D:2      | Reached skill level 3 in Axes
  1470 | D:2      | Noticed Natasha
  1476 | D:2      | Killed Natasha
  1477 | D:2      | Reached XP level 4. HP: 32/38 MP: 3/3
  1603 | D:2      | Found Joroabre's Book Boutique.
  1706 | D:2      | Noticed Natasha
  1714 | D:2      | Killed Natasha
  1715 | D:2      | Reached skill level 4 in Axes
  1814 | D:2      | Noticed Natasha
  1825 | D:2      | Noticed Sigmund
  1830 | D:2      | Killed Natasha
  1831 | D:2      | Reached XP level 5. HP: 25/45 MP: 4/4
  1836 | D:2      | Killed Sigmund
  1837 | D:2      | Reached skill level 5 in Axes
  1837 | D:2      | Reached XP level 6. HP: 24/51 MP: 5/5
  2177 | D:2      | Found a faded altar of an unknown god.
  2313 | D:3      | Noticed a water moccasin
  2331 | D:3      | Killed a water moccasin
  2332 | D:3      | Reached skill level 6 in Axes
  2772 | D:3      | Reached XP level 7. HP: 48/57 MP: 6/6
  3427 | D:3      | Identified a scroll of acquirement
  3427 | D:3      | Acquired 813 gold pieces
  3507 | D:4      | Found a basalt altar of Yredelemnul.
  3508 | D:4      | Noticed Robin
  3536 | D:4      | Killed Robin
  3720 | D:4      | Noticed Eustachio
  3742 | D:4      | Noticed Duvessa
  3744 | D:4      | Noticed Dowan
  3764 | D:4      | Slain by Duvessa

Illustrated notes

Levels and vault maps discovered:
D:1:      shiori_arrival_whats_in_store_for_you, layout_basic, serial_glass,
          glass_columns_b, glass_columns_b, dreamdust_princess_corridor
D:2:      layout_rooms, serial_shops,
          nicolae_shop_temple_entry_statues_fountains,
          ebering_ecumenical_altar_hall, kennysheep_decorative_pillar,
          kennysheep_generic_room_8, uniq_sigmund, uniq_natasha
D:3:      minmay_bubble_buster, layout_basic, kennysheep_donut,
          bh_walls_and_bars
D:4:      layout_loops_cross, mainiacjoe_overflow_surrounded_room,
          mainiacjoe_overflow_cross_hatched, temple_fountains, uniq_eustachio,
          uniq_duvessa, uniq_robin

Skill      XL: |  1  2  3  4  5  6 |
---------------+-------------------+-----
Axes           | 2 3 4 5 6 |  6.8
Fighting       | |  3.5
Armour         | |  2.8
Shields        | |  2.8

Action                   |  1- 3 |  4- 6 |  7- 9 || total
-------------------------+-------+-------+-------++-------
Melee: War axe           |   112 |    86 |       ||   198
       Hand axe          |       |       |   134 ||   134
  Use: Potion            |       |     1 |     4 ||     5
       Scroll            |       |       |     9 ||     9
Armor: Scale mail        |    42 |       |       ||    42
       Plate armour      |    34 |    51 |   131 ||   216
Dodge: Dodged            |    55 |    16 |    39 ||   110
Block: Buckler           |    25 |    16 |    31 ||    72

Table legend: (Time is in decaauts)
 A = Elapsed time spent in this place.
 B = Non-inter-level travel time spent in this place.
 C = Inter-level travel time spent in this place.
 D = Time resting spent in this place.
 E = Time spent auto-exploring this place.
 F = Levels seen in this place.
 G = Mean time per level.
                   A        B        C        D        E       F      G
               +--------+--------+--------+--------+--------+-----+--------+
         Total |   3834 |   3764 |     70 |    432 |   2564 |   4 |  958.5 |
       Dungeon |   3834 |   3764 |     70 |    432 |   2564 |   4 |  958.5 |
               +--------+--------+--------+--------+--------+-----+--------+

Top non-repeatable levels by time:
     D:1: 1308 daAuts
     D:3: 1281 daAuts
     D:2: 971 daAuts
     D:4: 273 daAuts
